 Dungeon Crawl Stone Soup version 0.17-a0-1210-g1e4f09d (webtiles) character file.

14 SWAGNEMITE the Charmwright (level 2, 0/21 HPs)
             Began as a Human Wanderer on June 3, 2015.
             Succumbed to a kobold's poison
             ... on level 1 of the Dungeon.
             The game lasted 00:01:39 (680 turns).

SWAGNEMITE the Charmwright (Human Wanderer)          Turns: 680, Time: 00:01:39

Health: 0/21       AC:  5    Str: 11    XL:     2   Next: 60%
Magic:  2/2        EV:  7    Int: 12    God:
Gold:   29         SH:  7    Dex: 13    Spells: 0 memorised, 1 level left

rFire  + . .     SeeInvis .     g - +0 club
rCold  + . .     Clarity  .     c - +0 ring mail
rNeg   . . .     SustAt   .     a - +0 shield
rPois  +         Gourm    .     (no helmet)
rElec  +         Spirit   .     (no cloak)
rCorr  +         Warding  .     (no gloves)
rMut   .         Stasis   .     (no boots)
MR     .....                    (no amulet)
Stlth  +.........               (no ring)
                                (no ring)

@: lethally poisoned (0 -> -7), resistant, not resistant to hostile
enchantments, very unstealthy
A: no striking features
a: no special abilities


You were on level 1 of the Dungeon.
You were not hungry.

You visited 1 branch of the dungeon, and saw 1 of its levels.

You collected 29 gold pieces.

Inventory:

Hand weapons
 g - a +0 club (weapon)
   (You took it off a hobgoblin on level 1 of the Dungeon)
Armour
 a - a +0 shield (worn)
 c - a +0 ring mail (worn)
Scrolls
 h - a scroll of fear {unknown}
Books
 b - Lehudib's Handbook of Feathery Conjuration

   Spells                             Type                      Level
   a - Shock                          Conjuration/Air              1
   b - Mephitic Cloud                 Conjuration/Poison/Air       3
Comestibles
 d - a slice of pizza
 e - 2 bread rations {@e1}


   Skills:
 + Level 1.5 Fighting
 + Level 1.2 Maces & Flails
 + Level 1.4 Armour
 + Level 1.5 Shields
   Level 2.0 Conjurations
   Level 3.0 Charms
   Level 1.0 Evocations


You had one spell level left.
You didn't know any spells.

Dungeon Overview and Level Annotations

Branches:
Dungeon (1/15)

Altars:


Message History

You kill the rat!
No target in view!
A kobold comes into view. It is wielding a dagger.
The kobold shouts!
A hobgoblin comes into view. It is wielding a club.
The hobgoblin shouts!
The kobold hits you but does no damage.
You hit the kobold but do no damage. You block the kobold's attack.
You closely miss the kobold. The kobold hits you but does no damage.
Your shield prevents you from hitting the kobold.
The kobold hits you but does no damage. x2
You barely miss the kobold. The kobold hits you but does no damage.
Your shield and ring mail prevent you from hitting the hobgoblin.
You block the kobold's attack. The hobgoblin barely misses you.
You hit the hobgoblin. The kobold barely misses you.
You block the hobgoblin's attack. The kobold barely misses you.
You hit the hobgoblin but do no damage. The hobgoblin closely misses you.
The kobold barely misses you. The hobgoblin hits you with a club.
You take 1 damage, and have 16/21 hp.
You closely miss the hobgoblin. The kobold hits you with a dagger.
The hobgoblin hits you with a club.
You take 3 damage, and have 13/21 hp.
You hit the hobgoblin.
You kill the hobgoblin!
The kobold closely misses you. The kobold hits you but does no damage.
You closely miss the kobold. The kobold hits you but does no damage.
You hit the kobold. The kobold closely misses you.
You closely miss the kobold. You block the kobold's attack.
The kobold hits you with a dagger.
You take 2 damage, and have 12/21 hp.
You hit the kobold but do no damage. You block the kobold's attack.
You miss the kobold. The kobold hits you with a dagger.
You block the kobold's attack.
You take 1 damage, and have 11/21 hp.
You hit the kobold. The kobold barely misses you.
You barely miss the kobold. The kobold hits you but does no damage.
You closely miss the kobold. You block the kobold's attack.
You barely miss the kobold. The kobold hits you but does no damage.
You block the kobold's attack.
You hit the kobold.
You kill the kobold!
No target in view!
Things that are here:
a dagger; a kobold corpse You start resting.
A kobold comes into view. It is wielding a dagger of venom.
A kobold is nearby!
You regained 3 hp, and now have 14/21 hp.
The kobold shouts!
The kobold hits you but does no damage.
You are poisoned.
You hit the kobold.
You feel sick. The kobold barely misses you.
You take 1 damage, and have 14/21 hp.
Your shield prevents you from hitting the kobold.
You feel sick. You block the kobold's attack.
You take 1 damage, and have 13/21 hp.
You completely miss the kobold.
You feel sick. The kobold hits you but does no damage.
You are lethally poisoned!
The kobold barely misses you.
You take 1 damage, and have 12/21 hp.
You closely miss the kobold.
You feel sick. You block the kobold's attack.
You take 1 damage, and have 11/21 hp.
You barely miss the kobold.
You feel sick. You block the kobold's attack.
You take 2 damage, and have 9/21 hp.
You hit the kobold.
You kill the kobold!
You feel sick.
You take 1 damage, and have 8/21 hp.
Unknown command.
You feel sick.
Things that are here:
a dagger of venom; 15 gold pieces; a kobold corpse You take 1 damage, and have 7/21 hp.
Drink which item? (? for menu, Esc to quit)
It was a potion of resistance.
You feel protected.
* * * LOW HITPOINT WARNING * * *
You feel sick.
You take 1 damage, and have 6/21 hp.
* * * LOW HITPOINT WARNING * * *
You feel sick.
You take 1 damage, and have 5/21 hp.
* * * LOW HITPOINT WARNING * * *
You feel sick.
You take 1 damage, and have 4/21 hp.
* * * LOW HITPOINT WARNING * * *
You feel sick.
* * * LOW HITPOINT WARNING * * *
You feel sick.
Found a dagger.
Found a stone staircase leading down.
You take 1 damage, and have 3/21 hp.
You aren't carrying any potions.
* * * LOW HITPOINT WARNING * * *
You feel sick.
You take 1 damage, and have 2/21 hp.
* * * LOW HITPOINT WARNING * * *
You feel sick.
You take 1 damage, and have 1/21 hp.
You die...

# .#
.#############.#########
#
>.......................
.
............@...........
. .####.#.######.#####
#.###### ...#.# #.#
#....... #.##.#.#
#.#######....... #
##.#.# #.##............
#..).# #.##............
#....# #.##.......#####
#....######.#######'## #
#....#..............#


There were no monsters in sight!

Vanquished Creatures
  3 giant cockroaches (D:1)
  3 hobgoblins (D:1)
  A giant newt (D:1)
  5 kobolds (D:1)
  A rat (D:1)
13 creatures vanquished.

Notes
Turn   | Place    | Note
--------------------------------------------------------------
     0 | D:1      | SWAGNEMITE the Human Wanderer began the quest for the Orb.
     0 | D:1      | SWAGNEMITE set off with: a +0 shield, Lehudib's Handbook of Feathery Conjuration, a +0 ring mail, a +0 dagger, a bread ration {@e1}
     0 | D:1      | Reached XP level 1. HP: 15/15 MP: 1/1
    25 | D:1      | Identified Lehudib's Handbook of Feathery Conjuration
    57 | D:1      | HP: 3/15 [poisoned by a kobold]
   463 | D:1      | Reached XP level 2. HP: 19/21 MP: 2/2
   670 | D:1      | HP: 5/21 [poisoned by a kobold]
   676 | D:1      | HP: 2/21 [poisoned by a kobold]
   680 | D:1      | Succumbed to a kobold's poison

Vault maps used:
D:1:      dpeg_arrival_boxes_within_box

Action                   || total
-------------------------++-------
Melee: Dagger            ||    22
       Club              ||    55
  Use: Potion            ||     1

Vault maps used:
D:1:      dpeg_arrival_boxes_within_box

Table legend:
 A = Turns spent in this place as a percentage of turns spent in the entire game.
 B = Non-inter-level travel turns spent in this place as a percentage of non-inter-level travel turns spent in the entire game.
 C = Inter-level travel turns spent in this place as a percentage of turns spent in this place.
 D = Turns resting spent in this place as a percentage of non-inter-level travel turns spent in this place.
 E = Turns spent auto-exploring this place as a percentage of non-inter-level travel turns spent in this place.
 F = Non-inter-level travel turns spent in this place divided by the number of levels of this place that you've seen.
                   A       B       C       D       E      F
               +-------+-------+-------+-------+-------+----------------------
         Total | 100.0 | 100.0 |   0.0 |   3.4 |   8.5 | 177.0
       Dungeon | 100.0 | 100.0 |   0.0 |   3.4 |   8.5 | 177.0
               +-------+-------+-------+-------+-------+----------------------

Table legend:
 A = Kills in this place as a percentage of kills in entire the game.
 B = Kills by you in this place as a percentage of kills by you in the entire game.
 C = Kills by friends in this place as a percentage of kills by friends in the entire game.
 D = Other kills in this place as a percentage of other kills in the entire game.
 E = Experience gained in this place as a percentage of experience gained in the entire game.
 F = Experience gained in this place divided by the number of levels of this place that you have seen.
                   A       B       C       D       E      F
               +-------+-------+-------+-------+-------+----------------------
         Total | 100.0 | 100.0 |  -nan |  -nan | 100.0 |  21.0
       Dungeon | 100.0 | 100.0 |  -nan |  -nan | 100.0 |  21.0
               +-------+-------+-------+-------+-------+----------------------
